 Dungeon Crawl Stone Soup version 0.23-a0-358-g98c7a59ffc (webtiles) character file.

56 LostNumber the Shooter (level 3, -2/29 HPs)
             Began as a Barachi Hunter on Oct 23, 2018.
             Was an Initiate of Elyvilon.
             Slain by an orc priest (5 damage)
             ... on level 2 of the Dungeon.
             The game lasted 00:03:45 (1963 turns).

LostNumber the Shooter (Barachi Hunter)             Turns: 1963, Time: 00:03:46

Health: -2/29      AC:  3    Str: 14    XL:     3   Next: 95%
Magic:  3/3        EV: 12    Int: 11    God:    Elyvilon [......]
Gold:   63         SH:  0    Dex: 12    Spells: 2/2 levels left

rFire    . . .     SeeInvis .   a - +1 shortbow
rCold    + . .     Gourm    .   (shield currently unavailable)
rNeg     . . .     Faith    .   c - +0 leather armour
rPois    .         Spirit   .   (no helmet)
rElec    .         Reflect  .   (no cloak)
rCorr    .         Harm     .   (no gloves)
MR       .....                  (no boots)
Stlth    +.........             j - amulet of the acrobat (curse)
HPRegen  0.09/turn              g - ring of protection from cold
MPRegen  0.08/turn              (no ring)

@: slow
A: +LOS, swims, slowness 1, strong legs 1
a: Hop, Renounce Religion


You were on level 2 of the Dungeon.
You worshipped Elyvilon.
Elyvilon was noncommittal.
You were not hungry.

You visited 1 branch of the dungeon, and saw 3 of its levels.

You collected 63 gold pieces.

Inventory:

Hand Weapons
 a - a +1 shortbow (weapon)
 b - a +0 short sword
Missiles
 d - 20 arrows (quivered)
Armour
 c - a +0 leather armour (worn)
Jewellery
 g - a ring of protection from cold (left hand)
 j - a cursed amulet of the acrobat (around neck)
Scrolls
 h - 3 scrolls of identify {unknown}
 l - 2 scrolls of magic mapping {unknown}
 m - a scroll of fear {unknown}
 o - a scroll of blinking {unknown}
 r - a scroll of remove curse {unknown}
Potions
 e - 3 potions of curing {unknown}
 i - a potion of degeneration {unknown}
 k - a potion of haste {unknown}
 n - a potion of brilliance {unknown}
 p - a potion of lignification {unknown}
 q - a potion of heal wounds {unknown}
Comestibles
 f - 6 rations
 s - a chunk of flesh


   Skills:
 + Level 3.3 Fighting
 * Level 4.9 Bows
 - Level 2.1 Dodging
 - Level 0.8 Stealth
 + Level 0.6 Invocations


You had 2 spell levels left.
You didn't know any spells.
Your spell library was empty.

Dungeon Overview and Level Annotations

Branches:
Dungeon (3/15)

Altars:
Elyvilon
Zin


Innate Abilities, Weirdness & Mutations

Shadows flee at your approach. (+LOS)
You can swim through water.
You cover ground slowly.
You can hop short distances.


Message History

Aim: an orc priest, wearing a scale mail (lightly wounded)
You shoot an arrow.
The arrow hits the orc priest but does no damage.
The orc priest is lightly wounded.
The orc priest hits you.
* * * LOW HITPOINT WARNING * * *
Firing (i - inventory)
d - 22 arrows (quivered)
Press: ? - help, Shift-Dir - straight line, f/p - orc priest
Aim: an orc priest, wearing a scale mail (lightly wounded)
You shoot an arrow.
The arrow hits the orc priest but does no damage.
The orc priest is lightly wounded.
The orc priest hits you.
* * * LOW HITPOINT WARNING * * *
Firing (i - inventory)
d - 21 arrows (quivered)
Press: ? - help, Shift-Dir - straight line, f/p - orc priest
Aim: an orc priest, wearing a scale mail (lightly wounded)
You shoot an arrow. The arrow barely misses the orc priest.
The orc priest hits you.
You die...

#.##.............#
#.##......######.#
#.##......##+###.#
#.####...........# #.#
#..<........# #.#
#...........##############
#.####........................#
..........##################.##
........(......o@# #.#
......###.##################.#
......# #.# #.............#.#
......# #.# #.###########.#.#
####### #)# #.# #.#.# #
######.####.# #.#.# #
#........##.# #.#.# #
#........##.# #.#.## #
#........##.# #....#


You could see an orc priest.

Vanquished Creatures
  2 adders (D:2)
  A leopard gecko (D:1)
  2 orcs (D:2)
  2 giant cockroaches (D:2)
  3 goblins
  4 hobgoblins
  5 jackals
  A ball python (D:1)
  5 bats
  3 kobolds (D:1)
  5 rats
33 creatures vanquished.

Notes
Turn   | Place    | Note
-------+----------+-------------------------------------------
     0 | D:1      | LostNumber the Barachi Hunter began the quest for the Orb.
     0 | D:1      | Reached XP level 1. HP: 17/17 MP: 1/1
   207 | D:1      | Reached XP level 2. HP: 19/23 MP: 2/2
   872 | D:2      | Reached XP level 3. HP: 28/29 MP: 3/3
   873 | D:2      | Found a glowing silver altar of Zin.
   940 | D:2      | Found a white marble altar of Elyvilon.
   943 | D:2      | Became a worshipper of Elyvilon the Healer
  1963 | D:2      | Slain by an orc priest

Vault maps used:
D:1:      dpeg_arrival_shelter, nrook_mini_backslash
D:2:      overflow_temple_1_default, marbit_many_paths, first_ration,
          minmay_pentomino_t2
D:3:      makhleb_heckhound_becter, nicolae_ru_sacrificial_ziggurat,
          old_standard_altar, grunt_decor_cap

Skill      XL: |  1  2 |
---------------+-------+-----
Fighting       | 3 |  3.3
Bows           | |  4.9
Dodging        | |  2.1
Stealth        | |  0.8
Invocations    | |  0.6

Action                   || total
-------------------------++-------
Melee: Short sword       ||    97
 Fire: Shortbow          ||    32
 Abil: Hop               ||     3
 Stab: Sleeping          ||     1
  Eat: Chunk             ||     4
Armor: Leather armour    ||    29
Dodge: Dodged            ||    99

Table legend:
 A = Non-vault XP
 B = Vault XP
 C = Vault XP percentage of total XP
 D = Non-vault monster count
 E = Vault monster count
 F = Vault count percentage of total count
                 A         B        C        D         E       F
            +---------+---------+-------+---------+---------+-------
      Total |      62 |      18 |  22.5 |      30 |       3 |   9.1
            +---------+---------+-------+---------+---------+-------
        D:1 |      25 |       0 |   0.0 |      16 |       0 |   0.0
        D:2 |      37 |      18 |  32.7 |      14 |       3 |  17.6
            +---------+---------+-------+---------+---------+-------
